 Dungeon Crawl Stone Soup version 0.17.1-2-g5865329 (webtiles) character file.

1465 xKaideNx the Covered (level 8, -1/71 HPs)
             Began as a Minotaur Fighter on Feb 6, 2016.
             Slain by a worker ant (3 damage)
             ... on level 9 of the Dungeon.
             The game lasted 00:29:05 (5120 turns).

xKaideNx the Covered (Minotaur Fighter)             Turns: 5120, Time: 00:29:05

Health: -1/71      AC:  4    Str: 23    XL:     8   Next: 48%
Magic:  7/7        EV:  8    Int:  7    God:
Gold:   239        SH: 10    Dex: 10    Spells: 0 memorised, 7 levels left

rFire  . . .     SeeInvis .     a - +3 war axe
rCold  . . .     Clarity  .     b - +0 scale mail
rNeg   . . .     SustAt   .     c - +0 shield
rPois  .         Gourm    .     (helmet restricted)
rElec  .         Spirit   .     (no cloak)
rCorr  .         Warding  .     (no gloves)
rMut   .         Stasis   .     (no boots)
MR     .....                    (no amulet)
Stlth  ..........               r - +4 ring of intelligence
                                l - -2 ring of intelligence (curse)

@: lethally poisoned (-1 -> -10), corroded equipment, very slightly
contaminated, not resistant to hostile enchantments, extremely unstealthy
A: retaliatory headbutt, horns 2
a: no special abilities


You were on level 9 of the Dungeon.
You were not hungry.

You visited 2 branches of the dungeon, and saw 10 of its levels.

You collected 239 gold pieces.

Inventory:

Hand Weapons
 a - a +3 war axe (weapon)
 z - a +0 shortbow
Missiles
 u - a throwing net (quivered)
Armour
 b - a +0 scale mail (worn)
 c - a +0 shield (worn)
Jewellery
 l - a cursed -2 ring of intelligence (left hand)
 o - an uncursed ring of protection from cold
 r - a +4 ring of intelligence (right hand)
Scrolls
 d - a scroll of noise {unknown}
 h - a scroll of identify
 p - a scroll of blinking
 q - a scroll of enchant armour {unknown}
 w - a scroll of fear {unknown}
 A - a scroll of fog {unknown}
Potions
 f - a potion of lignification {unknown}
 j - 2 potions of cure mutation {unknown}
 s - a potion of cancellation {unknown}
 t - a potion of resistance {unknown}
 v - a potion of brilliance {unknown}
 x - a potion of flight {unknown}
 C - a potion of degeneration {unknown}
Books
 n - a book of Dreams

   Spells                             Type                      Level
   a - Ensorcelled Hibernation        Hexes/Ice                    2
   b - Phase Shift                    Translocation                5
   c - Shadow Creatures               Summoning                    5
   d - Silence                        Hexes/Air                    5
   e - Darkness                       Hexes                        6
   f - Mass Confusion                 Hexes                        6
 y - a book of Changes

   Spells                             Type                      Level
   a - Beastly Appendage              Transmutation                1
   b - Sticks to Snakes               Transmutation                2
   c - Spider Form                    Transmutation/Poison         3
   d - Ice Form                       Ice/Transmutation            4
   e - Blade Hands                    Transmutation                5
Comestibles
 e - 2 bread rations
 i - a slice of pizza
 k - 3 fruits
 m - 2 meat rations


   Skills:
 * Level 6.7 Fighting
 * Level 7.0 Axes
 * Level 7.7 Armour
 - Level 1.4 Dodging
 + Level 0.8 Stealth
 * Level 6.7 Shields


You had 7 spell levels left.
You didn't know any spells.

Dungeon Overview and Level Annotations

Branches:
Dungeon (9/15)             Temple (1/1) D:7
   Lair: D:8-11         Orc: D:9-12

Altars:
Ashenzari
Cheibriados
Dithmenos
Elyvilon
Fedhas
Gozag
Kikubaaqudgha
Makhleb
Okawaru
Qazlal
Ru
Sif Muna
Trog
Vehumet
Xom
Yredelemnul
Zin
The Shining One

Shops:
D:7 }


Innate Abilities, Weirdness & Mutations

You reflexively headbutt those who attack you in melee.
You have a pair of horns on your head.


Message History

You kill the jackal!
You hit the worker ant but do no damage.
You hit the giant frog zombie but do no damage.
You closely miss the sky beast.
Your shield prevents you from hitting the soldier ant.
You feel sick. The sky beast hits you.
* * * LOW HITPOINT WARNING * * *
The sky beast shocks you.
* * * LOW HITPOINT WARNING * * *
The giant frog zombie misses you. You furiously retaliate!
You headbutt the giant frog zombie, but do no damage.
The worker ant bites you.
* * * LOW HITPOINT WARNING * * *
You are more poisoned.
The worker ant poisons you!
The soldier ant stings you but does no damage.
You block the sky beast's attack.
* * * LOW HITPOINT WARNING * * *
You feel sick. The worker ant bites you.
You die...

#. .... .. #.:
.# #.⌠.####
##..# #
§.#.=.#§.#
.#..#.$
.........#
......
#.......###.....
...###.ya...##
.. #..FYZ@.$#
#..#ha#..#
####..#### #..#
.... ......
...###. .... .h


You could see a soldier ant, a vampire mosquito, a sky beast, a giant frog, a
worker ant, a giant frog zombie and a jackal.

Vanquished Creatures
  A sky beast (D:8)
  An ice beast (D:8)
  2 centaurs
  An ogre (D:6)
  A wyvern zombie (D:8)
  2 giant frogs
  A scorpion (D:6)
  2 crimson imps
  2 centaur zombies
  2 quasits
  2 orc priests
  2 jellies
  3 orc wizards
  2 iguanas
  2 hounds
  2 worker ants
  A hound skeleton (D:5)
  6 adders
  A worker ant zombie (D:5)
  3 gnolls (D:4)
  2 shadow imps
  An ooze (D:2)
  An adder skeleton (D:7)
  5 worms
  4 giant geckos
  5 orcs
  8 hobgoblins
  2 quokkas
  2 bats
  7 giant cockroaches
  4 giant newts
  6 goblins
  5 jackals
  3 kobolds
  A quokka skeleton (D:7)
  5 rats
  A bush (Temple)
101 creatures vanquished.

Notes
Turn   | Place    | Note
--------------------------------------------------------------
     0 | D:1      | xKaideNx the Minotaur Fighter began the quest for the Orb.
     0 | D:1      | Reached XP level 1. HP: 19/19 MP: 0/0
   250 | D:1      | Reached skill level 4 in Shields
   253 | D:1      | Reached XP level 2. HP: 18/27 MP: 1/1
   786 | D:2      | Reached XP level 3. HP: 33/33 MP: 2/2
  1577 | D:3      | Noticed a giant frog
  1589 | D:3      | Killed a giant frog
  1589 | D:3      | Reached skill level 1 in Dodging
  1589 | D:3      | Reached XP level 4. HP: 20/41 MP: 3/3
  1636 | D:3      | Reached XP level 5. HP: 29/47 MP: 4/4
  1679 | D:3      | Found a stormy altar of Qazlal.
  2566 | D:4      | Reached skill level 5 in Armour
  2858 | D:5      | Entered Level 5 of the Dungeon
  3072 | D:5      | Found an ancient bone altar of Kikubaaqudgha.
  3234 | D:5      | Reached skill level 5 in Shields
  3234 | D:5      | Reached XP level 6. HP: 47/55 MP: 5/5
  3412 | D:5      | Noticed a centaur
  3427 | D:5      | Killed a centaur
  3427 | D:5      | Reached skill level 5 in Fighting
  3823 | D:6      | Reached XP level 7. HP: 33/61 MP: 6/6
  3825 | D:6      | Reached skill level 5 in Axes
  3825 | D:6      | Reached skill level 6 in Armour
  4521 | D:7      | Reached skill level 7 in Armour
  4581 | D:7      | Found Bomif's Gadget Boutique.
  4641 | D:7      | Reached XP level 8. HP: 39/70 MP: 7/7
  4768 | D:7      | Found a staircase to the Ecumenical Temple.
  4783 | Temple   | Entered the Ecumenical Temple
  5109 | D:9      | Noticed a tengu conjurer
  5119 | D:9      | HP: 3/71 [worker ant (4)]
  5120 | D:9      | Slain by a worker ant

Action                   |  1- 3 |  4- 6 |  7- 9 || total
-------------------------+-------+-------+-------++-------
Melee: War axe           |    71 |   107 |   109 ||   287
  Use: Scroll            |       |     6 |     1 ||     7
       Potion            |       |     3 |     4 ||     7
  Eat: Bread ration      |     1 |     1 |     1 ||     3
       Beef jerky        |       |     1 |       ||     1
